 Dungeon Crawl Stone Soup version 0.27-a0-1565-gad902ab807 (webtiles) character file.

Game seed: 12582886415208430412

33 flotson the Sneak (level 3, 0/29 HPs)
             Began as a Demonspawn Delver on July 16, 2021.
             Slain by an orc priest (4 damage)
             ... on level 4 of the Dungeon.
             The game lasted 00:03:16 (658 turns).

flotson the Sneak (Demonspawn Delver)                Turns: 658, Time: 00:03:17

Health: 0/29       AC:  3    Str: 13    XL:     3   Next: 12%
Magic:  3/3        EV: 12    Int: 11    God:
Gold:   7          SH:  0    Dex: 14    Spells: 2/2 levels left

rFire    . . .     SeeInvis +   a - +0 hand axe
rCold    . . .     Faith    .   (no shield)
rNeg     . . .     Spirit   .   b - +0 leather armour
rPois    .         Reflect  .   (no helmet)
rElec    .         Harm     .   (no cloak)
rCorr    .         Rampage  .   (no gloves)
Will     .....                  (no boots)
Stlth    +++.......             (no amulet)
HPRegen  0.09/turn              h - ring of see invisible
MPRegen  0.08/turn              (no ring)

@: no status effects
A: hooves 1, demonic guardian 1
a: no special abilities


You were on level 4 of the Dungeon.
You visited 1 branch of the dungeon, and saw 2 of its levels.

You collected 7 gold pieces.

Inventory:

Hand Weapons
 a - a +0 hand axe (weapon)
Missiles
 f - 9 poisoned darts (quivered)
Armour
 b - a +0 leather armour (worn)
Jewellery
 h - a ring of see invisible (left hand)
Wands
 g - a wand of digging (3)
Scrolls
 c - a scroll of fog
 d - a scroll of enchant weapon {unknown}


   Skills:
 + Level 3.2 Fighting
 + Level 2.0 Axes
 + Level 0.3 Throwing
 + Level 0.6 Armour
 + Level 2.0 Dodging
 + Level 4.7 Stealth
 + Level 0.9 Evocations


You had 2 spell levels left.
You didn't know any spells.
Your spell library was empty.

Dungeon Overview and Level Annotations

Branches:
Dungeon (5/15)             Temple (0/1) D:4

Altars:
The Shining One

Annotations:
D:5 Blork the orc, Prince Ribbit


Innate Abilities, Weirdness & Mutations

You have large cloven feet.
A weak demonic guardian rushes to your aid.


Message History

d - a scroll labelled ZOECWU WAFE An orc priest comes into view.
It is wielding a +0 hand axe.
You see here 15 gold pieces.
You open the door.
There is an open door here.
The orc priest shouts!
You hit the orc.
The orc is severely wounded.
The orc hits you with a +0 flail.
You hit the orc.
You kill the orc!
You start waiting.
An orc priest is nearby!
The orc priest hits you with a +0 hand axe!
Things that are here:
a +0 flail; 8 gold pieces; an orc corpse You closely miss the orc priest.
The orc priest closely misses you.
You closely miss the orc priest. The orc priest barely misses you.
You barely miss the orc priest.
The orc priest mumbles some strange prayers to Beogh against you.
Beogh smites you!
The orc priest hits you with a +0 hand axe.
* * * LOW HITPOINT WARNING * * *
A demonic guardian appears!
Your white imp completely misses the orc priest.
Throw: 10 darts (poison)
Press: ? - help, Q - select action Shift-Dir - straight line, f - orc priest
Aim: an orc priest, wielding a +0 hand axe (ally target, 59% to hit)
You throw a poisoned dart.
The poisoned dart completely misses the orc priest.
Your white imp gestures at the orc priest.
The puff of frost hits the orc priest!
You hit the orc priest.
The orc priest is almost dead.
The orc priest calls down the wrath of Beogh upon you.
Pain shoots through your body!
* * * LOW HITPOINT WARNING * * *
Your white imp closely misses the orc priest.
The orc priest hits you with a +0 hand axe.
You die...

#######.....≈..##.....#,,,,,*
#........._.≈..##.....#,,,,**
#.##........§.........#,,,,*****
#.##.#................#,,,,*,,,*
#....#####.#.........##,,,,*,,,*
#....................++,,,,+,_,*
#............#.......#*,,,,*,,,*
#............#.......#*,,,,*,,,*
##..........##.@.....#*,,,,*****
#.##.##....##o5.....#******* *
#...>......'(.........,,,,,****
#####......###########*****,,,,
###).###### *,,,,,,,,,,**
####........# *,,,,,,,,,,+,
#....$.####.# *,,,,,,,,,,*,
#......#*,,,* *,,,,,,,,,,,,
#...o..#*+***********,,,,,,,,,,,*


You could see an orc priest (ally target) and a friendly white imp (summoned).

Vanquished Creatures
  A bullfrog skeleton (D:4)
  A howler monkey zombie (D:5)
  An orc (D:4)
3 creatures vanquished.

Vanquished Creatures (collateral kills)
  A goblin (D:4)
1 creature vanquished.

Grand Total: 4 creatures vanquished

Notes
Turn   | Place    | Note
-------+----------+-------------------------------------------
     0 | D:5      | flotson the Demonspawn Delver began the quest for the Orb.
     0 | D:5      | Reached XP level 1. HP: 18/18 MP: 1/1
    16 | D:5      | Noticed Prince Ribbit
    40 | D:5      | Gained mutation: A weak demonic guardian rushes to your
                  | aid. [demonic ancestry]
    40 | D:5      | Reached XP level 2. HP: 11/24 MP: 2/2
   231 | D:5      | Noticed Blork the orc
   262 | D:4      | HP: 1/24 [bullfrog skeleton (4)]
   275 | D:4      | Gained mutation: You have large cloven feet. [demonic
                  | ancestry]
   275 | D:4      | Reached XP level 3. HP: 3/29 MP: 3/3
   279 | D:4      | HP: 1/29 [goblin (2)]
   368 | D:4      | Noticed a scorpion
   658 | D:4      | Slain by an orc priest

Illustrated notes

Levels and vault maps discovered:
D:4:      layout_basic, zin_scriptorium, mainiacjoe_overflow_chevrons,
          temple_fountains, uniq_edmund, uniq_eustachio, uniq_natasha
D:5:      layout_rooms, uniq_blork_the_orc, uniq_prince_ribbit1

Skill      XL: |  1  2 |
---------------+-------+-----
Axes           | 2 |  2.0
Dodging        | 2 |  2.0
Fighting       | |  3.2
Throwing       | |  0.3
Armour         | |  0.6
Stealth        | |  4.7
Evocations     | |  0.9

Action                   || total
-------------------------++-------
Melee: Hand axe          ||    27
Throw: Dart              ||     1
  Use: Potion            ||     1
       Scroll            ||     2
Armor: Leather armour    ||     3
Dodge: Dodged            ||    17

Table legend: (Time is in decaauts)
 A = Elapsed time spent in this place.
 B = Non-inter-level travel time spent in this place.
 C = Inter-level travel time spent in this place.
 D = Time resting spent in this place.
 E = Time spent auto-exploring this place.
 F = Levels seen in this place.
 G = Mean time per level.
                   A        B        C        D        E       F      G
               +--------+--------+--------+--------+--------+-----+--------+
         Total |    644 |    644 |      0 |    278 |    191 |   2 |  322.0 |
       Dungeon |    644 |    644 |      0 |    278 |    191 |   2 |  322.0 |
               +--------+--------+--------+--------+--------+-----+--------+

Top non-repeatable levels by time:
     D:4: 424 daAuts
     D:5: 219 daAuts
